 Dungeon Crawl Stone Soup version 0.21.0-3-g78d12a8 (webtiles) character file.

376 sankara the Chopper (level 6, 0/57 HPs)
             Began as a Deep Dwarf Fighter on Jan 17, 2018.
             Slain by an ogre
             ... wielding a +0 giant club
              (18 damage)
             ... on level 4 of the Dungeon.
             The game lasted 00:10:53 (2288 turns).

sankara the Chopper (Deep Dwarf Fighter)            Turns: 2288, Time: 00:10:54

Health: 0/57       AC: 11    Str: 19    XL:     6   Next: 44%
Magic:  6/6        EV:  5    Int:  9    God:
Gold:   147        SH:  9    Dex: 14    Spells: 5/5 levels left

rFire    . . .     SeeInvis .   a - +0 war axe
rCold    . . .     Gourm    .   c - +0 shield
rNeg     . . .     Faith    .   r - +0 chain mail
rPois    .         Spirit   .   (no helmet)
rElec    .         Reflect  .   j - +0 cloak
rCorr    .         Harm     .   (no gloves)
MR       .....                  (no boots)
Stlth    ..........             (no amulet)
HPRegen  0.00/turn              (no ring)
MPRegen  0.10/turn              (no ring)

@: non-regenerating
A: damage resistance, heal wounds, sense surroundings 2, wild magic 1, no
regeneration
a: Heal Wounds


You were on level 4 of the Dungeon.
You were not hungry.

You visited 1 branch of the dungeon, and saw 4 of its levels.

You collected 147 gold pieces.

Inventory:

Hand Weapons
 a - a +0 war axe (weapon)
Armour
 c - a +0 shield (worn)
 j - a +0 cloak (worn)
 r - a +0 chain mail (worn)
Jewellery
 s - an uncursed ring of fire
Wands
 p - a wand of iceblast (6)
Scrolls
 b - a scroll of teleportation {unknown}
 h - 3 scrolls of enchant armour {unknown}
 i - a scroll of blinking {unknown}
 k - 2 scrolls of remove curse {unknown}
 l - 2 scrolls of immolation {unknown}
 m - a scroll of amnesia {unknown}
 o - a scroll of magic mapping {unknown}
 q - a scroll of random uselessness {unknown}
 t - a scroll of noise {unknown}
 v - a scroll of identify {unknown}
Books
 n - a book of Misfortune

   Spells                             Type                      Level
   a - Confusing Touch                Hexes                        1
   b - Confuse                        Hexes                        3
   c - Gell's Gravitas                Translocation                3
   d - Petrify                        Transmutation/Earth          4
   e - Metabolic Englaciation         Hexes/Ice                    5
   f - Yara's Violent Unravelling     Hexes/Transmutation          5
Comestibles
 d - 7 chunks of flesh
 f - 9 rations


   Skills:
 + Level 4.0 Fighting
 * Level 5.5 Axes
 + Level 4.9 Armour
 - Level 3.2 Shields


You had 5 spell levels left.
You didn't know any spells.

Dungeon Overview and Level Annotations

Branches:
Dungeon (4/15)
 Temple: D:4-7

Altars:
Hepliaklqana


Innate Abilities, Weirdness & Mutations

You are resistant to damage.
You can heal yourself by infusing magical energy.
You passively map the area around you.
You do not regenerate.
Your spells are a little harder to cast, but a little more powerful.


Message History

You block the ogre's attack. The ogre hits you with a giant club!
* * * LOW HITPOINT WARNING * * *
You feel much better.
You hit the ogre but do no damage.
The ogre is moderately wounded.
The ogre hits you with a giant club!
You hit the ogre.
The ogre is moderately wounded.
You float gracefully downwards.
The ogre hits you with a giant club.
You hit the ogre but do no damage.
The ogre is moderately wounded.
The ogre barely misses you.
The frilled lizard hisses.
You slash the ogre!
The ogre is heavily wounded.
You block the ogre's attack.
You hit the ogre.
The ogre is severely wounded.
The ogre hits you with a giant club!!
You die...

#.##......#.##.# *
##.##......#.##.############
............................
##.####.#[.#.##.####...####
, , #.# #.####.##.# #...#..
, #.# #......##.# #...#.# ,
, #.# #########.# #...#.# *
* #.# *
*####....####...#.### ,,
,+.. ,........@Ol........+
#.# *####.###########.### *,
* * .# , ,, , ,* * , ,O# ,*
* , .. *, , ..* *** * , *
l.# ## * ,, ..+ ,, #.* ,, ,
* ,, , *


You could see an ogre and a frilled lizard.

Vanquished Creatures
  Grinder (D:3)
  A centaur skeleton (D:4)
  A howler monkey skeleton (D:4)
  4 adders
  2 oozes
  4 worms
  2 dart slugs (D:1)
  2 leopard geckos (D:2)
  An orc (D:3)
  A giant cockroach (D:2)
  11 hobgoblins
  5 jackals
  2 quokkas (D:3)
  8 bats
  2 frilled lizards (D:1)
  8 goblins
  11 kobolds
  6 rats
72 creatures vanquished.

Notes
Turn   | Place    | Note
-------+----------+-------------------------------------------
     0 | D:1      | sankara the Deep Dwarf Fighter began the quest for the Orb.
     0 | D:1      | Reached XP level 1. HP: 20/20 MP: 1/1
    79 | D:1      | Reached XP level 2. HP: 25/27 MP: 2/2
   185 | D:1      | Reached skill level 3 in Axes
   360 | D:1      | Reached XP level 3. HP: 29/34 MP: 3/3
  1234 | D:2      | Reached XP level 4. HP: 25/42 MP: 4/4
  1432 | D:3      | Noticed Grinder
  1448 | D:3      | Found a hazy altar of Hepliaklqana.
  1545 | D:2      | Gained mutation: You passively map the area around you. [potion of mutation]
  1545 | D:2      | Gained mutation: Your spells are a little harder to cast, but a little more powerful. [potion of mutation]
  1559 | D:3      | Reached skill level 4 in Axes
  1935 | D:3      | Paralysed by Grinder for 4 turns
  1955 | D:3      | Paralysed by Grinder for 5 turns
  1961 | D:3      | Killed Grinder
  1961 | D:3      | Reached skill level 5 in Axes
  1961 | D:3      | Reached XP level 5. HP: 13/50 MP: 5/5
  1961 | D:3      | Reached XP level 6. HP: 15/57 MP: 6/6
  2288 | D:4      | Slain by an ogre

Skill      XL: |  1  2  3  4  5  6 |
---------------+-------------------+-----
Axes           | 3 5 |  5.5
Fighting       | 3 4 |  4.0
Armour         | 4 |  4.9
Shields        | |  3.2

Action                   |  1- 3 |  4- 6 || total
-------------------------+-------+-------++-------
Melee: War axe           |   136 |   118 ||   254
 Abil: Heal Wounds       |       |     2 ||     2
  Use: Potion            |       |     7 ||     7
  Eat: Chunk             |     1 |     4 ||     5
Armor: Scale mail        |    65 |    24 ||    89
       Chain mail        |       |    16 ||    16
Dodge: Dodged            |    45 |    26 ||    71
Block: Shield            |    63 |    65 ||   128
